 Dungeon Crawl Stone Soup version 0.21-a0-633-g4c047d5 (webtiles) character file.

682 KristoblXynda the Charmwright (level 7, -1/33 HPs)
             Began as a Spriggan Skald on Dec 28, 2017.
             Was a Believer of Nemelex Xobeh.
             Slain by a phantom (5 damage)
             ... on level 5 of the Dungeon.
             The game lasted 00:21:07 (6502 turns).

KristoblXynda the Charmwright (Spriggan Skald)      Turns: 6502, Time: 00:21:08

Health: -1/33      AC:  2    Str:  8    XL:     7   Next: 34%
Magic:  15/15      EV: 20    Int: 15    God:    Nemelex Xobeh [**....]
Gold:   140        SH:  0    Dex: 16    Spells: 9/16 levels left

rFire    . . .     SeeInvis +   o - +2 dagger (venom)
rCold    . . .     Gourm    .   (shield restricted)
rNeg     . . .     Faith    .   b - +0 robe
rPois    .         Spirit   .   (helmet restricted)
rElec    .         Reflect  .   (no cloak)
rCorr    .         Harm     .   (gloves unavailable)
MR       +....                  (boots unavailable)
Stlth    ++++......             n - amulet of magic regeneration
HPRegen  0.11/turn              u - ring of stealth
MPRegen  0.39/turn              (no ring)

@: infused, very quick
A: very small, unfitting armour, see invisible, herbivore, speed 3, slow
metabolism 2
a: Renounce Religion


You were on level 5 of the Dungeon.
You worshipped Nemelex Xobeh.
Nemelex Xobeh was pleased with you.
You were not hungry.

You visited 1 branch of the dungeon, and saw 5 of its levels.

You collected 140 gold pieces.

Inventory:

Hand Weapons
 a - a +4 dagger of holy wrath
 o - a +2 dagger of venom (weapon)
 p - a +0 blowgun
Missiles
 q - 28 poisoned needles
Armour
 b - a +0 robe (worn)
Jewellery
 n - an amulet of magic regeneration (around neck)
 u - a ring of stealth (left hand)
Scrolls
 f - 6 scrolls of remove curse
 l - a scroll of magic mapping
 m - a scroll of fog
 v - a scroll of blinking
Potions
 e - a potion of curing
 h - a potion of resistance
 j - a potion of ambrosia
 k - 2 potions of flight {unknown}
 r - a potion of haste
 s - a potion of agility
 z - a potion of magic
Books
 c - a book of Battle

   Spells                             Type                      Level
   a - Infusion                       Charms                       1
   b - Shroud of Golubria             Charms/Translocation         2
   c - Song of Slaying                Charms                       2
   d - Spectral Weapon                Hexes/Charms                 3
   e - Regeneration                   Charms/Necromancy            3
 g - a book of Changes

   Spells                             Type                      Level
   a - Beastly Appendage              Transmutation                1
   b - Sticks to Snakes               Transmutation                2
   c - Spider Form                    Transmutation/Poison         3
   d - Ice Form                       Ice/Transmutation            4
   e - Blade Hands                    Transmutation                5
Miscellaneous
 i - a plain deck of destruction {drawn: 10}
Comestibles
 d - 6 rations


   Skills:
 - Level 1.5 Fighting
 + Level 4.9 Short Blades
 - Level 5.1 Dodging
 + Level 4.6 Stealth
 + Level 5.0 Spellcasting
 + Level 6.4 Charms
 + Level 2.4 Invocations


You had 9 spell levels left.
You knew the following spells:

 Your Spells              Type           Power        Failure   Level  Hunger
a - Infusion              Chrm           ###.         1%          1    None
b - Regeneration          Chrm/Necr      ##........   13%         3    ###....
c - Spectral Weapon       Hex/Chrm       ##......     13%         3    ###....


Dungeon Overview and Level Annotations

Branches:
Dungeon (5/15)
 Temple: D:4-7

Altars:
Ashenzari
Cheibriados
Dithmenos
Elyvilon
Hepliaklqana
Nemelex Xobeh

Annotations:
D:4 twist's ghost, novice GnSk
D:5 Lanoc's ghost, amateur TrWn


Innate Abilities, Weirdness & Mutations

You are very small and have problems with some larger weapons.
You are too small for most types of armour.
You have supernaturally acute eyesight. (SInv)
You are a herbivore.
You cover ground extremely quickly.
You need consume almost no food.


Message History

You draw a card...
It is Vitriol.
You have drawn Vitriol.
Press: ? - help, Shift-Dir - straight line, f/p - Lanoc's ghost
Aim: Lanoc's ghost (heavily damaged)
The glob of acid hits Lanoc's ghost.
Lanoc's ghost is splashed with acid.
Lanoc's ghost is almost destroyed.
You feel better. The phantom hits you!
* * * LOW HITPOINT WARNING * * *
You feel better. Lanoc's ghost closely misses you.
The phantom closely misses you.
You hit Lanoc's ghost.
Lanoc's ghost is almost destroyed.
The phantom barely misses you. Lanoc's ghost completely misses you.
The phantom hits you!
* * * LOW HITPOINT WARNING * * *
The phantom blinks!
The phantom completely misses you. The phantom hits you.
You die...
Your body glows slightly and disappears.

..# ### ####.######....##
..........#.....
..#..#..........
.Z....>##.#...
.............
#.#.#.###.#.###
W.........#...#####
...##.##........@W#
...##.##.##.#.###.########
...##.5...<.#.# #........#
...##.......#.# #W.......#
.........##.#.#
#..ยง.....#
.........##[#.. #........#
........###.#.# ##.......#
...#........##. #.......#
...#.####### #.......#


You could see a phantom and Lanoc's ghost.

Vanquished Creatures
  A centaur (D:3)
  A scorpion (D:4)
  A jelly (D:2)
  A howler monkey (D:4)
  A crimson imp (D:5)
  A quasit (D:3)
  A centaur skeleton (D:3)
  A hound (D:4)
  An orc wizard (D:4)
  2 iguanas (D:4)
  A worker ant (D:4)
  Robin (D:3)
  4 adders
  4 oozes
  4 worms
  4 dart slugs (D:1)
  3 leopard geckos
  8 orcs
  5 bats
  10 giant cockroaches
  6 goblins
  7 hobgoblins
  7 jackals
  2 quokkas
  7 frilled lizards
  19 kobolds
  A leopard gecko zombie (D:5)
  5 rats
109 creatures vanquished.

Vanquished Creatures (collateral kills)
  The ghost of KristoblXynda the Charmwright, an amateur SpSk (D:3)
  A leopard gecko (D:3)
  6 goblins (D:3)
  3 hobgoblins (D:3)
11 creatures vanquished.

Vanquished Creatures (others)
  A fungus (D:2)
  12 toadstools (D:2)
13 creatures vanquished.

Grand Total: 133 creatures vanquished

Notes
Turn   | Place    | Note
-------+----------+-------------------------------------------
     0 | D:1      | KristoblXynda the Spriggan Skald began the quest for the Orb.
     0 | D:1      | Reached XP level 1. HP: 10/10 MP: 5/5
   122 | D:1      | Reached XP level 2. HP: 14/14 MP: 0/6
   369 | D:1      | Reached skill level 5 in Charms
   523 | D:1      | Reached XP level 3. HP: 12/18 MP: 1/8
   638 | D:1      | Learned a level 3 spell: Regeneration
   642 | D:1      | Learned a level 3 spell: Spectral Weapon
  1751 | D:2      | Found a sparkling altar of Nemelex Xobeh.
  1763 | D:2      | Became a worshipper of Nemelex Xobeh the Trickster
  1832 | D:2      | Reached XP level 4. HP: 22/22 MP: 9/9
  1836 | D:2      | Received a gift from Nemelex Xobeh
  2072 | D:2      | Found a hazy altar of Hepliaklqana.
  2629 | D:2      | Reached skill level 5 in Dodging
  2946 | D:2      | Reached skill level 1 in Stealth
  2946 | D:2      | Reached XP level 5. HP: 10/25 MP: 6/11
  3578 | D:3      | Noticed a centaur
  3970 | D:3      | Found a shadowy altar of Dithmenos.
  4061 | D:3      | Killed a centaur
  4061 | D:3      | Reached skill level 1 in Invocations
  4061 | D:3      | Reached XP level 6. HP: 13/30 MP: 6/13
  4333 | D:3      | Noticed KristoblXynda's ghost (amateur SpSk)
  4403 | D:3      | Found a white marble altar of Elyvilon.
  4403 | D:3      | Found a snail-covered altar of Cheibriados.
  4406 | D:3      | Found a shattered altar of Ashenzari.
  4491 | D:3      | Reached * piety under Nemelex Xobeh
  4496 | D:3      | Noticed Grinder
  4544 | D:3      | Killed KristoblXynda's ghost
  4551 | D:3      | Noticed Robin
  4559 | D:3      | Killed Robin
  4823 | D:3      | Noticed Grinder
  4823 | D:3      | Grinder changed into Grinder the quasit
  4836 | D:3      | Killed Grinder the quasit
  5233 | D:4      | Reached skill level 6 in Charms
  5256 | D:4      | Reached XP level 7. HP: 33/33 MP: 13/15
  5320 | D:4      | Noticed twist's ghost (novice GnSk)
  6124 | D:4      | Reached skill level 5 in Spellcasting
  6393 | D:5      | Entered Level 5 of the Dungeon
  6393 | D:5      | Reached ** piety under Nemelex Xobeh
  6409 | D:5      | Noticed Lanoc's ghost (amateur TrWn)
  6502 | D:5      | Slain by a phantom

Vault maps used:
D:1:      evilmike_arrival_run_for_it
D:2:      cheibrodos_fertilizer, lemuel_doored_altar, nemelex_dance_club_becter
D:3:      grunt_temple_overflow_diamond,
          nicolae_dithmenos_through_a_glass_darkly, uniq_robin, uniq_grinder
D:4:      first_ration

Skill      XL: |  1  2  3  4  5  6  7 |
---------------+----------------------+-----
Dodging        | 4 5 |  5.1
Charms         | 5 6 |  6.4
Short Blades   | 3 4 |  4.9
Spellcasting   | 3 4 5 |  5.0
Stealth        | 1 2 3 4 |  4.6
Invocations    | 1 2 |  2.4
Fighting       | |  1.5

Action                   |  1- 3 |  4- 6 |  7- 9 || total
-------------------------+-------+-------+-------++-------
Melee: Short sword       |    54 |       |       ||    54
       Dagger            |   138 |   188 |    72 ||   398
 Fire: Blowgun           |       |     3 |       ||     3
 Cast: Infusion          |    11 |     4 |     2 ||    17
Evoke: Deck              |       |     7 |     3 ||    10
  Use: Scroll            |       |    13 |     5 ||    18
       Potion            |       |       |     3 ||     3
 Stab: Sleeping          |     2 |     5 |     6 ||    13
  Eat: Ration            |       |     2 |       ||     2
Armor: Robe              |    17 |    17 |     6 ||    40
Dodge: Dodged            |   122 |   155 |    36 ||   313

Table legend:
 A = Spawn XP
 B = Non-spawn XP
 C = Spawn XP percentage of total XP
 D = Spawn monster count
 E = Non-spawn monster count
 F = Spawn count percentage of total count
 G = Total turns spent on level
                    A         B        C        D         E        F      G
               +---------+---------+-------+---------+---------+-------+---------
         Total |       0 |     975 |   0.0 |       0 |     120 |   0.0 |  6502
               +---------+---------+-------+---------+---------+-------+---------
           D:1 |       0 |      71 |   0.0 |       0 |      31 |   0.0 |  1195
           D:2 |       0 |     140 |   0.0 |       0 |      34 |   0.0 |  2200
           D:3 |       0 |     343 |   0.0 |       0 |      34 |   0.0 |  1687
           D:4 |       0 |     373 |   0.0 |       0 |      18 |   0.0 |  1311
           D:5 |       0 |      48 |   0.0 |       0 |       3 |   0.0 |   109
               +---------+---------+-------+---------+---------+-------+---------
